 Dungeon Crawl Stone Soup version 0.21.0-3-g78d12a8 (webtiles) character file.

436 Firecrotchwizard the Poker (level 7, -3/55 HPs)
             Began as a Merfolk Berserker on Jan 12, 2018.
             Was a Believer of Trog.
             Slain by a centaur (8 damage)
             ... on level 4 of the Dungeon.
             The game lasted 00:09:45 (3708 turns).

Firecrotchwizard the Poker (Merfolk Berserker)      Turns: 3708, Time: 00:09:46

Health: -3/55      AC:  8    Str: 18    XL:     7   Next: 1%
Magic:  16/16      EV: 12    Int:  6    God:    Trog [**....]
Gold:   194        SH:  0    Dex: 15    Spells: 6/6 levels left

rFire    . . .     SeeInvis .   r - -2 trident (curse)
rCold    . . .     Gourm    .   (no shield)
rNeg     . . .     Faith    +   o - +0 scale mail
rPois    +         Spirit   .   (no helmet)
rElec    .         Reflect  .   (no cloak)
rCorr    .         Harm     .   g - +1 pair of gloves
MR       .....                  (no boots)
Stlth    ..........             h - amulet of faith {Faith, !P}
HPRegen  0.18/turn              q - ring of poison resistance {rPois, !d}
MPRegen  0.15/turn              k - ring of magical power {MP+9}

@: no status effects
A: change form in water, swift swim, stealthy swim
a: Berserk, Trog's Hand, Burn Spellbooks, Renounce Religion


You were on level 4 of the Dungeon.
You worshipped Trog.
Trog was pleased with you.
You were not hungry.

You visited 1 branch of the dungeon, and saw 5 of its levels.

You collected 194 gold pieces.

Inventory:

Hand Weapons
 a - a +0 spear
 r - a cursed -2 trident (weapon)
   (You took it off an orc on level 4 of the Dungeon)
Armour
 b - a +0 animal skin
 g - a +1 pair of gloves (worn)
   (You found it on level 1 of the Dungeon)
 l - a +2 robe of cold resistance
   (You took it off Jessica on level 2 of the Dungeon)
 o - a +0 scale mail (worn)
   (You found it on level 3 of the Dungeon)
 s - a +0 chain mail
   (You took it off an orc on level 4 of the Dungeon)
 t - a +0 ring mail
   (You found it on level 3 of the Dungeon)
Jewellery
 h - an amulet of faith (around neck) {Faith, !P}
   (You found it on level 1 of the Dungeon)
 k - a ring of magical power (right hand) {MP+9}
   (You found it on level 3 of the Dungeon)
 q - a ring of poison resistance (left hand) {rPois, !d}
   (You found it on level 3 of the Dungeon)
Scrolls
 d - a scroll of identify
 e - a scroll of fog
 m - a scroll of magic mapping {!r}
Potions
 i - a potion of invisibility {unknown}
 j - 3 potions of mutation {!q}
 n - 2 potions of lignification {unknown}
 p - a potion of curing {unknown}
 u - a potion of flight {unknown}
Comestibles
 c - 5 rations {@e1}
 f - a chunk of flesh {@w0}


   Skills:
 + Level 4.7 Fighting
 * Level 7.7 Polearms
 + Level 2.6 Armour
 + Level 4.9 Dodging


You had 6 spell levels left.
You didn't know any spells.

Dungeon Overview and Level Annotations

Branches:
Dungeon (5/15)
 Temple: D:4-7

Altars:
Cheibriados
Trog

Annotations:
D:4 exclusion: orc wizard


Message History

There is a stone staircase leading up here.
A worker ant comes into view.
The worker ant twitches its antennae in your direction.
You closely miss the worker ant. The worker ant bites you.
You take 3 damage, and have 46/49 hp.
You closely miss the worker ant. The worker ant bites you.
You are poisoned.
The worker ant poisons you!
You take 4 damage, and have 42/49 hp.
You hit the worker ant.
You feel sick.
The worker ant bites you but does no damage.
You take 1 damage, and have 41/49 hp.
You puncture the worker ant! The worker ant barely misses you.
You closely miss the worker ant.
You feel sick.
The worker ant bites you but does no damage.
You barely miss the worker ant. The worker ant closely misses you.
You hit the worker ant. The worker ant misses you.
Your scale mail prevents you from hitting the worker ant.
The worker ant misses you.
You puncture the worker ant!
You kill the worker ant!
Trog accepts your kill.
You have reached level 7!
You feel sick.
You regained 4 hp, and now have 45/55 hp.
MP restored: 16 You see here a worker ant corpse.
You butcher the worker ant corpse.
f - a chunk of flesh {@w0} You start resting.
You feel sick. x3
You are no longer poisoned.
You take 2 damage, and have 44/55 hp.
You start resting.
An orc comes into view. It is wielding a hand axe of chopping.
You regained 7 hp, and now have 52/55 hp.
The orc shouts!
Attack whom?
Aim: an orc, wielding a hand axe of chopping and wearing a glowing ring mail You reach to attack!
You hit the orc but do no damage.
A centaur comes into view.
The centaur shouts!
You hit the orc but do no damage. You hit the orc. The orc barely misses you.
You puncture the orc!
You kill the orc!
Trog accepts your kill.
The centaur wields a shortbow.
The centaur shoots an arrow.
The arrow barely misses you.
The centaur shoots an arrow.
The arrow hits you!
Things that are here:
an arrow; a hand axe of chopping; a glowing ring mail You take 7 damage, and have 46/55 hp.
The centaur shoots an arrow.
The arrow hits you.
The centaur shoots an arrow.
The arrow closely misses you.
You see here an arrow.
You take 6 damage, and have 40/55 hp.
The centaur unwields an uncursed shortbow.
The centaur barely misses you.
You puncture the centaur! The centaur hits you.
You take 5 damage, and have 36/55 hp.
Your scale mail prevents you from hitting the centaur.
The centaur hits you. The centaur completely misses you.
You take 6 damage, and have 30/55 hp.
You hit the centaur but do no damage.
The centaur hits you but does no damage.
You puncture the centaur!
The centaur hits you but does no damage. x2
You hit the centaur but do no damage. The centaur hits you.
You take 4 damage, and have 26/55 hp.
You hit the centaur but do no damage.
The centaur hits you but does no damage.
You completely miss the centaur.
The centaur hits you but does no damage.
The centaur barely misses you.
You hit the centaur but do no damage. The centaur hits you!
You take 7 damage, and have 19/55 hp.
You barely miss the centaur. The centaur misses you.
You hit the centaur but do no damage. The centaur misses you.
The centaur hits you but does no damage.
You hit the centaur.
The centaur hits you but does no damage.
You closely miss the centaur.
The centaur hits you but does no damage.
You barely miss the centaur. The centaur misses you. x2
You hit the centaur.
The centaur hits you but does no damage.
You completely miss the centaur.
The centaur hits you but does no damage.
You closely miss the centaur.
The centaur hits you but does no damage.
The centaur hits you.
* * * LOW HITPOINT WARNING * * *
You take 5 damage, and have 15/55 hp.
You hit the centaur but do no damage. The centaur hits you.
* * * LOW HITPOINT WARNING * * *
You take 4 damage, and have 11/55 hp.
You barely miss the centaur. The centaur hits you!
* * * LOW HITPOINT WARNING * * *
The centaur hits you!
You die...

###*,**,,,** *,,***,*,* **,** #
*,***,** #..**..,,** *,,*
####.***,##***..*#.#,*?****,**
.....,,,,..,,,..,..,,..,,,,,*
.###.*,**#.***,.#.##.###,****
.....,,* #.,,,,........**,*
.###.#.###.****#..#..#,*,********
.# *.#.....#####.#..#,,,*,,,,,,,,
.# *......(...((@c..#*,**,*******
,* *####.###.#.#$.[.....,,* ,*
*,*#<###...####.#*** ,*
*,#.##*#.....,,,* ,*
*...,**..#.###*** ,* ####*,#.#..#
,* **..*.## ,***********##.,.#
,,,,,,,,,,,,,,,,**


You could see a centaur.

Vanquished Creatures
  The ghost of Pestilence the Covered, an amateur MiFi (D:3)
  A howler monkey (D:3)
  A crimson imp (D:3)
  An orc priest (D:4)
  Jessica (D:2)
  An iguana (D:2)
  An orc wizard (D:4)
  A worker ant (D:4)
  4 adders
  An ooze (D:2)
  3 worms
  2 dart slugs
  6 leopard geckos
  6 orcs
  A bat zombie (D:1)
  6 giant cockroaches
  11 hobgoblins
  9 jackals
  3 quokkas (D:2)
  4 bats
  6 frilled lizards
  5 goblins
  6 kobolds
  A quokka zombie (D:1)
  6 rats
88 creatures vanquished.

Notes
Turn   | Place    | Note
-------+----------+-------------------------------------------
     0 | D:1      | Firecrotchwizard the Merfolk Berserker began the quest for the Orb.
     0 | D:1      | Reached XP level 1. HP: 18/18 MP: 1/1
   148 | D:1      | Reached skill level 3 in Dodging
   148 | D:1      | Reached XP level 2. HP: 16/24 MP: 2/2
   791 | D:1      | Reached XP level 3. HP: 27/29 MP: 3/3
   801 | D:1      | Reached skill level 5 in Polearms
   933 | D:2      | Reached ** piety under Trog
   947 | D:2      | Noticed Jessica
   957 | D:2      | Killed Jessica
   957 | D:2      | Reached XP level 4. HP: 36/37 MP: 4/4
  1214 | D:2      | Noticed an ogre
  1322 | D:1      | Reached skill level 2 in Armour
  1619 | D:2      | Reached skill level 4 in Fighting
  1619 | D:2      | Reached skill level 6 in Polearms
  1619 | D:2      | Reached XP level 5. HP: 24/42 MP: 5/5
  2117 | D:2      | Found a snail-covered altar of Cheibriados.
  2221 | D:2      | Reached skill level 4 in Dodging
  2526 | D:3      | Reached XP level 6. HP: 46/49 MP: 6/6
  2709 | D:3      | You fall through a shaft for 2 floors!
  2709 | D:5      | Entered Level 5 of the Dungeon
  2829 | D:4      | Reached skill level 7 in Polearms
  2920 | D:3      | Noticed Pestilence's ghost (amateur MiFi)
  3015 | D:3      | Killed Pestilence's ghost
  3458 | D:3      | Found a bloodstained altar of Trog.
  3626 | D:4      | Reached XP level 7. HP: 46/55 MP: 7/7
  3707 | D:4      | HP: 11/55 [centaur (4)]
  3708 | D:4      | HP: 5/55 [centaur (7)]
  3708 | D:4      | Slain by a centaur

Skill      XL: |  1  2  3  4  5  6 |
---------------+-------------------+-----
Dodging        | 3 4 |  4.9
Polearms       | 5 6 7 |  7.7
Armour         | 2 |  2.6
Fighting       | 4 |  4.7

Action                   |  1- 3 |  4- 6 |  7- 9 || total
-------------------------+-------+-------+-------++-------
Melee: Spear             |   122 |   276 |       ||   398
       Tailslap          |     1 |       |       ||     1
       Trident           |       |    78 |    22 ||   100
Invok: Trog's Hand       |     1 |     1 |       ||     2
       Berserk           |       |     3 |       ||     3
  Use: Scroll            |       |     7 |       ||     7
 Stab: Sleeping          |     3 |     4 |       ||     7
  Eat: Chunk             |       |    13 |       ||    13
Armor: Animal skin       |    15 |     5 |       ||    20
       Robe              |       |    28 |       ||    28
       Scale mail        |       |    12 |    11 ||    23
       Chain mail        |       |     2 |       ||     2
Dodge: Dodged            |    46 |   151 |    10 ||   207

Vault maps used:
D:1:      saegor_arrival_fortress
D:2:      kennysheep_slug_shrine, first_ration, uniq_jessica
D:3:      bloody_trog, minmay_misc_feat_enclosed
D:4:      serial_shops, shop, nicolae_ru_awakened_eye, uniq_ijyb
D:5:      serial_shops, shop, bloody_makhleb, uniq_duvessa

Table legend:
 A = Turns spent in this place as a percentage of turns spent in the entire game.
 B = Non-inter-level travel turns spent in this place as a percentage of non-inter-level travel turns spent in the entire game.
 C = Inter-level travel turns spent in this place as a percentage of turns spent in this place.
 D = Turns resting spent in this place as a percentage of non-inter-level travel turns spent in this place.
 E = Turns spent auto-exploring this place as a percentage of non-inter-level travel turns spent in this place.
 F = Non-inter-level travel turns spent in this place divided by the number of levels of this place that you've seen.
                   A       B       C       D       E      F
               +-------+-------+-------+-------+-------+----------------------
         Total | 100.0 | 100.0 |   3.7 |  29.7 |  42.1 | 713.8
       Dungeon | 100.0 | 100.0 |   3.7 |  29.7 |  42.1 | 713.8
               +-------+-------+-------+-------+-------+----------------------

Table legend:
 A = Kills in this place as a percentage of kills in entire the game.
 B = Kills by you in this place as a percentage of kills by you in the entire game.
 C = Kills by friends in this place as a percentage of kills by friends in the entire game.
 D = Other kills in this place as a percentage of other kills in the entire game.
 E = Experience gained in this place as a percentage of experience gained in the entire game.
 F = Experience gained in this place divided by the number of levels of this place that you have seen.
                   A       B       C       D       E      F
               +-------+-------+-------+-------+-------+----------------------
         Total | 100.0 | 100.0 |   N/A |   N/A | 100.0 | 124.6
       Dungeon | 100.0 | 100.0 |   N/A |   N/A | 100.0 | 124.6
               +-------+-------+-------+-------+-------+----------------------
